 Dungeon Crawl Stone Soup version 0.25.1-9-gc5326a611f (webtiles) character file.

Game seed: 6738564109640719822

27 hawla the Conjurer (level 2, -4/24 HPs)
             Began as a Draconian Conjurer on Jan 2, 2021.
             Slain by Natasha (10 damage)
             ... on level 2 of the Dungeon on Jan 4, 2021.
             The game lasted 00:03:46 (1040 turns).

hawla the Conjurer (Draconian Conjurer)             Turns: 1040, Time: 00:03:48

Health: -4/24      AC:  4    Str:  8 (10) XL:     2   Next: 93%
Magic:  0/5        EV: 12    Int: 12 (15) God:
Gold:   32         SH:  0    Dex:  8 (11) Spells: 3/6 levels left

rFire    . . .     SeeInvis .   d - +0 whip
rCold    . . .     Gourm    .   (no shield)
rNeg     . . .     Faith    .   (armour unavailable)
rPois    .         Spirit   .   (helmet restricted)
rElec    .         Reflect  .   (no cloak)
rCorr    .         Harm     .   (no gloves)
MR       .....                  (no boots)
Stlth    ++........             (no amulet)
HPRegen  0.48/turn              (no ring)
MPRegen  0.09/turn              (no ring)

@: slowed, very slow
A: unfitting armour, blurry vision 1, regeneration 1, evolution 1, cold-blooded,
AC +4
a: no special abilities


You were on level 2 of the Dungeon.
You were not hungry.

You visited 1 branch of the dungeon, and saw 2 of its levels.

You collected 32 gold pieces.

Inventory:

Hand Weapons
 d - a +0 whip (weapon)
Scrolls
 e - a scroll of identify
 f - a scroll of noise
Comestibles
 b - 3 rations
 j - 2 chunks of flesh


   Skills:
 + Level 1.7 Fighting
 - Level 2.0 Dodging
 - Level 2.0 Stealth
 + Level 2.5 Spellcasting
 - Level 4.0 Conjurations


You had 3 spell levels left.
You knew the following spells:

 Your Spells              Type           Power        Failure   Level  Hunger
a - Magic Dart            Conj           ##..         4%          1    #......
b - Searing Ray           Conj           ##....       8%          2    ###....

Your spell library contained the following spells:

 Spells                   Type           Power        Failure   Level  Hunger
 Dazzling Flash           Conj/Hex       #.....       34%         3    ###....
 Fulminant Prism          Conj/Hex       #.........   75%         4    #####..
 Iskenderun's Mystic Bla  Conj/Tloc      #.......     75%         4    #####..


Dungeon Overview and Level Annotations

Branches:
Dungeon (2/15)

Altars:

Annotations:
D:2 Natasha


Innate Abilities, Weirdness & Mutations

Your plain brown scales are hard. (AC +4)
You cannot fit into any form of body armour.
You are cold-blooded and may be slowed by cold attacks.
Scrolls take you a little longer to read.
Your natural rate of healing is unusually fast.
You evolve.


Message History

The white imp gestures at you. The puff of frost misses you.
The puff of frost hits Natasha.
Natasha casts a spell.
The white imp barely misses you.
You aren't carrying any potions.
Really read with blurry vision while enemies are nearby?
Natasha claws you but does no damage.
You begin reading the scroll.
You continue reading the scroll.
The white imp hits you but does no damage.
Natasha barely misses you. The white imp closely misses you.
As you read the scroll labeled FUUQAPS MAIS, it crumbles to dust.
You feel aware of your surroundings.
It was a scroll of magic mapping.
Natasha mumbles some strange words.
You feel troubled. Natasha barely misses you.
The crimson imp blinks!
The white imp gestures at you. The puff of frost hits you!
* * * LOW HITPOINT WARNING * * *
Natasha claws you!
You die...

*....J..?...[>...,,,,,,,,,
*...............#*****,,,,
**...............,,,,,,,***
*******,......#...$#*,*******,,,*
,,,,,,,,,*###....#.##,# ***,,
***#**,*##.....#)#..#.# ***
,,##.,,##....###$#....#
,.#..###..J#####....#**
,...........##Jh@5#.#
,....$......#..#ยง$#,#
,,............#..##,**
,,...........##.##*,,*
,,.###..h.h.##..# **,****
...#..Kg#..#..5## *,,,,**
............(### *,,,,,*
#...##h####.##* **,,,,***
#,.,...* #...*******,,,,,,******


You could see Natasha, a crimson imp (summoned), an ooze, a white imp (summoned)
and a jackal (wandering).

Vanquished Creatures
  An ooze (D:1)
  2 leopard geckos
  5 bats
  A giant cockroach (D:1)
  3 goblins
  A hobgoblin (D:1)
  2 kobolds
  A frilled lizard (D:1)
  3 rats (D:1)
19 creatures vanquished.

Notes
Turn   | Place    | Note
-------+----------+-------------------------------------------
     0 | D:1      | hawla the Draconian Conjurer began the quest for the Orb.
     0 | D:1      | Reached XP level 1. HP: 14/14 MP: 3/3
   282 | D:1      | Reached XP level 2. HP: 22/22 MP: 0/5
   368 | D:1      | Reached skill level 1 in Fighting
   873 | D:1      | Learned a level 2 spell: Searing Ray
   951 | D:2      | Gained mutation: Scrolls take you a little longer to read.
                  | [potion of mutation]
   951 | D:2      | Gained mutation: Your natural rate of healing is unusually
                  | fast. [potion of mutation]
   951 | D:2      | Gained mutation: You evolve. [potion of mutation]
   963 | D:2      | Noticed Natasha
  1038 | D:2      | Noticed a crimson imp
  1040 | D:2      | Slain by Natasha

Illustrated notes

Levels and vault maps discovered:
D:1:      dpeg_arrival_erosion, layout_basic
D:2:      layout_rooms, minivault_24, uniq_natasha

Skill      XL: |  1  2 |
---------------+-------+-----
Dodging        | 2 |  2.0
Stealth        | 2 |  2.0
Fighting       | 1 |  1.7
Spellcasting   | |  2.5
Conjurations   | |  4.0

Action                   || total
-------------------------++-------
Melee: Whip              ||    23
       Tailslap          ||     3
 Cast: Magic Dart        ||    28
       Searing Ray       ||     3
  Use: Scroll            ||     3
       Potion            ||     3
  Eat: Chunk             ||     1
Armor: Skin              ||    18
Dodge: Dodged            ||    36
